 Dungeon Crawl Stone Soup version 0.20-a0-809-gaf7f668 (webtiles) character file.

2371 nubinia the Zephyrmancer (level 9, -8/48 HPs)
             Began as a Tengu Air Elementalist on Mar 3, 2017.
             Was an Initiate of Sif Muna.
             Mangled by Duvessa
             ... wielding a +0 short sword
              (9 damage)
             ... on level 7 of the Dungeon.
             The game lasted 00:34:55 (8355 turns).

nubinia the Zephyrmancer (Tengu Air Elementalist)   Turns: 8355, Time: 00:34:56

Health: -8/48      AC:  4    Str:  5    XL:     9   Next: 45%
Magic:  5/19       EV: 14    Int: 19    God:    Sif Muna [......]
Gold:   264        SH:  0    Dex: 15    Spells: 0/20 levels left

rFire    . . .     SeeInvis .   B - +4 quarterstaff (chaos)
rCold    . . .     Gourm    .   F - +2 robe {MR+}
rNeg     . . .     Faith    +   (shield currently unavailable)
rPois    .         Spirit   .   (helmet restricted)
rElec    .         Reflect  .   (no cloak)
rCorr    .         Harm     .   (no gloves)
MR       +....                  (boots unavailable)
Stlth    ++........             x - amulet of faith
Regen    0.2/turn               (no ring)
MPRegen  0.2/turn               s - -3 ring of strength (curse)

@: very slightly contaminated, invisible
A: beak, talons 3, able to fly 1
a: Fly, Renounce Religion


You were on level 7 of the Dungeon.
You worshipped Sif Muna.
Sif Muna was noncommittal.
You were very hungry.

You visited 2 branches of the dungeon, and saw 8 of its levels.

You collected 264 gold pieces.

Inventory:

Hand Weapons
 k - a +0 hand axe of electrocution
 n - a +0 dagger of venom
 B - a +4 quarterstaff of chaos (weapon)
Armour
 a - a +1 robe
 z - a +0 cloak
 F - a +2 robe of magic resistance (worn)
Jewellery
 s - a cursed -3 ring of strength (left hand)
 x - an amulet of faith (around neck)
 D - an uncursed amulet of regeneration
 G - a cursed ring of teleportation {unknown}
Wands
 i - a wand of random effects (19/48)
 p - a wand of flame (18/48)
 E - a wand of lightning (5/15)
Scrolls
 e - 2 scrolls of teleportation
 y - 2 scrolls of enchant armour
Potions
 c - a potion of magic {unknown}
 h - 3 potions of curing
 l - a potion of mutation {unknown}
 m - a potion of might {unknown}
 o - a potion of heal wounds
 q - a potion of agility {unknown}
 r - a potion of cancellation
 w - a potion of haste
 C - a potion of berserk rage {unknown}
Books
 b - a book of Air

   Spells                             Type                      Level
   a - Shock                          Conjuration/Air              1
   b - Swiftness                      Charms/Air                   2
   c - Static Discharge               Conjuration/Air              3
   d - Airstrike                      Air                          4
   e - Lightning Bolt                 Conjuration/Air              5
 u - a book of Maledictions

   Spells                             Type                      Level
   a - Corona                         Hexes                        1
   b - Ensorcelled Hibernation        Hexes/Ice                    2
   c - Confuse                        Hexes                        3
   d - Tukima's Dance                 Hexes                        3
   e - Dazzling Spray                 Conjuration/Hexes            3
 v - a book of Frost

   Spells                             Type                      Level
   a - Freeze                         Ice                          1
   b - Throw Frost                    Conjuration/Ice              2
   c - Ozocubu's Armour               Charms/Ice                   3
   d - Throw Icicle                   Conjuration/Ice              4
   e - Summon Ice Beast               Ice/Summoning                4
 A - a book of Misfortune

   Spells                             Type                      Level
   a - Confusing Touch                Hexes                        1
   b - Confuse                        Hexes                        3
   c - Gell's Gravitas                Translocation                3
   d - Petrify                        Transmutation/Earth          4
   e - Metabolic Englaciation         Hexes/Ice                    5
   f - Yara's Violent Unravelling     Hexes/Transmutation          5
Comestibles
 d - 4 meat rations
 f - 5 royal jellies
 j - 3 fruits
 t - 3 bread rations


   Skills:
 + Level 1.8 Fighting
 + Level 1.8 Axes
 + Level 2.8 Staves
 + Level 3.5 Dodging
 + Level 3.0 Stealth
 + Level 0.2 Unarmed Combat
 + Level 6.3 Spellcasting
 * Level 8.0 Conjurations
 * Level 9.5 Air Magic


You couldn't memorise any spells.
You knew the following spells:

 Your Spells              Type           Power        Failure   Level  Hunger
a - Shock                 Conj/Air       ####         1%          1    None
b - Airstrike             Air            #####.....   1%          4    ####...
c - Static Discharge      Conj/Air       #####...     1%          3    ##.....
d - Throw Frost           Conj/Ice       ###...       3%          2    None
e - Dazzling Spray        Conj/Hex       ###...       8%          3    ##.....
f - Lightning Bolt        Conj/Air       #####.....   12%         5    #####..
s - Swiftness             Chrm/Air       ###.....     2%          2    None


Dungeon Overview and Level Annotations

Branches:
Dungeon (7/15)             Temple (1/1) D:7

Altars:
Ashenzari
Cheibriados
Elyvilon
Fedhas
Gozag
Hepliaklqana
Kikubaaqudgha
Makhleb
Nemelex Xobeh
Okawaru
Qazlal
Ru
Sif Muna
Uskayaw
Wu Jian
Xom
Yredelemnul
Zin
The Shining One

Shops:
D:5 [

Annotations:
D:4 exclusion: sky beast, Grinder
D:7 Duvessa


Innate Abilities, Weirdness & Mutations

You have a beak for a mouth.
You have claws for feet.
You can fly.


Message History

Aiming: Lightning Bolt (will waste charges)
Press: ? - help, Shift-Dir - straight line You hear a mighty clap of thunder!
The bolt of lightning hits Duvessa.
Duvessa is heavily wounded.
The bolt of lightning misses Duvessa.
Evoking this partially-identified wand wasted a few charges.
Duvessa hits you with a short sword!
* * * LOW HITPOINT WARNING * * *
You fade into invisibility!
Duvessa closely misses you. Duvessa hits you but does no damage.
You hear a shout!
Duvessa closely misses you. Duvessa hits you with a short sword!
* * * LOW HITPOINT WARNING * * *
Duvessa misses you.
A worker ant comes into view.
The worker ant twitches its antennae in your direction.
Duvessa hits you with a short sword!
You die...

.# #># #.# #....< .#
#.# ####.# ##.### .#
#.# #.a..# #.#
.###.# #.#### #(#
#.##.# #.# #.#
#.##.###### #.# #.#
..##......# #.# #.#
#.)######.########.#
#.# #.#.##
#.......@e.# #.#
..##.# ##########.#
#.# ###.###
#.##########.#
##....#
#............#
..###.#
#.############ ###
#.############.# #
#..............#
################


You could see Duvessa (berserk).

Vanquished Creatures
  2 centaur skeletons (D:7)
  2 hippogriffs (D:7)
  A phantom (D:4)
  A centaur (D:7)
  5 ogres
  2 bullfrogs (D:7)
  2 wyvern zombies (D:7)
  2 scorpions (D:7)
  Dowan (D:7)
  2 centaur zombies
  A quasit (D:6)
  A bullfrog zombie (D:5)
  A jelly (D:6)
  3 orc wizards
  2 orc priests
  Crazy Yiuf (D:5)
  Ijyb (D:3)
  An iguana (D:7)
  5 worker ants
  A hound zombie (D:7)
  8 adders
  An adder zombie (D:6)
  2 adder skeletons
  5 worms
  3 dart slugs
  6 leopard geckos
  17 orcs
  2 ball pythons
  7 bats
  3 giant cockroaches
  7 goblins
  12 hobgoblins
  10 jackals
  2 quokkas
  6 frilled lizards
  6 kobolds
  9 rats
  A fungus (D:5)
144 creatures vanquished.

Notes
Turn   | Place    | Note
-------+----------+-------------------------------------------
     0 | D:1      | nubinia the Tengu Air Elementalist began the quest for the Orb.
     0 | D:1      | Reached XP level 1. HP: 10/10 MP: 4/4
   376 | D:1      | Reached XP level 2. HP: 12/15 MP: 0/6
   607 | D:1      | Learned a level 2 spell: Swiftness
   897 | D:1      | Reached XP level 3. HP: 19/19 MP: 1/7
   990 | D:1      | Learned a level 3 spell: Static Discharge
  1362 | D:2      | Found a shimmering altar of Xom.
  1602 | D:2      | Found a white marble altar of Elyvilon.
  1690 | D:2      | Reached XP level 4. HP: 24/24 MP: 3/9
  1915 | D:2      | Reached skill level 5 in Air Magic
  2000 | D:2      | Found an ancient bone altar of Kikubaaqudgha.
  2581 | D:3      | Gained mutation: You can fly. [Tengu growth]
  2581 | D:3      | Reached XP level 5. HP: 28/28 MP: 2/10
  3149 | D:3      | Noticed Ijyb
  3158 | D:3      | Killed Ijyb
  3627 | D:4      | Noticed an ogre
  3641 | D:4      | Killed an ogre
  3641 | D:4      | Reached skill level 1 in Axes
  3641 | D:4      | Reached XP level 6. HP: 33/33 MP: 3/12
  3758 | D:4      | Noticed a phantom
  3783 | D:4      | Killed a phantom
  3783 | D:4      | Reached skill level 6 in Air Magic
  3791 | D:4      | Learned a level 4 spell: Airstrike
  3899 | D:4      | Noticed a sky beast
  4029 | D:4      | Found an iron altar of Okawaru.
  4063 | D:4      | Reached skill level 1 in Fighting
  4063 | D:4      | Reached XP level 7. HP: 38/38 MP: 5/14
  4320 | D:5      | Entered Level 5 of the Dungeon
  4513 | D:5      | Noticed Grinder
  5046 | D:5      | Paralysed by Grinder for 6 turns
  5168 | D:6      | Learned a level 2 spell: Throw Frost
  5200 | D:6      | Reached skill level 5 in Conjurations
  5534 | D:5      | Found Ymigoh's Antique Armour Shoppe.
  5909 | D:5      | Reached skill level 7 in Air Magic
  6093 | D:5      | Found a runed door.
  6097 | D:5      | Noticed Crazy Yiuf
  6100 | D:5      | Killed Crazy Yiuf
  6144 | D:5      | Reached XP level 8. HP: 40/43 MP: 15/15
  6170 | D:5      | Found a sacrificial altar of Ru.
  6726 | D:6      | Reached skill level 5 in Spellcasting
  6885 | D:7      | Noticed Duvessa
  6890 | D:7      | Noticed a hippogriff
  6912 | D:7      | Reached skill level 1 in Staves
  6961 | D:7      | Killed a hippogriff
  7471 | D:7      | Found a shattered altar of Ashenzari.
  7537 | D:7      | Found a staircase to the Ecumenical Temple.
  7550 | D:7      | Reached skill level 8 in Air Magic
  7580 | Temple   | Entered the Ecumenical Temple
  7651 | Temple   | Became a worshipper of Sif Muna the Loreminder
  7671 | D:7      | Reached XP level 9. HP: 48/48 MP: 13/19
  7738 | D:7      | Reached skill level 9 in Air Magic
  8282 | D:7      | Noticed Dowan
  8288 | D:7      | Learned a level 3 spell: Dazzling Spray
  8294 | D:7      | Learned a level 5 spell: Lightning Bolt
  8299 | D:7      | Killed Dowan
  8351 | D:7      | HP: 1/48 [Duvessa/short sword (12)]
  8355 | D:7      | Mangled by Duvessa

Vault maps used:
D:1:      minmay_arrival_split_and_join, hangedman_decor_points,
          minmay_misc_feat_pillars, lemuel_old_faithful
D:2:      old_standard_altar, elyvilon_altar_3, nicolae_overflow_hidden_temple
D:3:      wad_lake_hut, uniq_iyjb
D:4:      overflow_temple_1_default
D:5:      lemuel_coloured_pillars_altar, first_bread, serial_shops,
          nicolae_shop_crystal, minivault_27, uniq_grinder,
          uniq_crazy_yiuf_cottage
D:7:      kennysheep_mini, minmay_temple_entry_large_hall, lightli_orcish_oven,
          uniq_duvessa
Temple:   nicolae_temple_god_jail

Skill      XL: |  1  2  3  4  5  6  7  8  9 |
---------------+----------------------------+-----
Spellcasting   | 3 4 6 |  6.3
Air Magic      | 5 6 7 8 9 |  9.5
Conjurations   | 2 3 4 6 7 8 |  8.0
Axes           | 1 |  1.8
Fighting       | 1 |  1.8
Staves         | 2 |  2.8
Dodging        | 3 |  3.5
Stealth        | 3 |  3.0
Unarmed Combat | |  0.2

Action                   |  1- 3 |  4- 6 |  7- 9 || total
-------------------------+-------+-------+-------++-------
Melee: Unarmed           |     2 |     3 |       ||     5
       Hand axe          |       |    29 |    12 ||    41
       Kick              |       |     5 |    13 ||    18
       Peck              |       |     3 |     6 ||     9
       Quarterstaff      |       |       |    36 ||    36
 Cast: Shock             |    77 |   106 |   174 ||   357
       Static Discharge  |       |       |     3 ||     3
       Airstrike         |       |       |    20 ||    20
       Lightning Bolt    |       |       |     1 ||     1
 Abil: Fly               |       |     8 |     9 ||    17
Evoke: Wand              |       |       |     1 ||     1
  Use: Scroll            |       |     4 |     6 ||    10
       Potion            |       |       |     3 ||     3
 Stab: Sleeping          |       |     1 |       ||     1
       Distracted        |       |       |     1 ||     1
  Eat: Chunk             |     3 |     7 |    13 ||    23
       Bread ration      |       |       |     1 ||     1
       Fruit             |       |       |     1 ||     1
Armor: Robe              |     2 |     4 |    15 ||    21
Dodge: Dodged            |     8 |    31 |    63 ||   102
